 Dungeon Crawl Stone Soup version 0.28.0 (webtiles) character file.

Game seed: 1719776994057398901

88 NobodyHome the Chiller (level 4, -4/39 HPs)
             Began as an Ogre Ice Elementalist on Feb 10, 2022.
             Was a Follower of Fedhas.
             Slain by Sigmund (10 damage)
             ... on level 3 of the Dungeon.
             The game lasted 00:12:20 (3223 turns).

NobodyHome the Chiller (Ogre Ice Elementalist)      Turns: 3223, Time: 00:12:20

Health: -4/39      AC:  9    Str: 12    XL:     4   Next: 53%
Magic:  0/10       EV: 10    Int: 18    God:    Fedhas [*.....]
Gold:   86         SH:  0    Dex:  9    Spells: 4/11 levels left

rFire   . . .      SeeInvis +   b - +0 dagger
rCold   . . .      Faith    .   (no shield)
rNeg    . . .      Spirit   .   a - +0 robe
rPois   .          Reflect  .   (helmet restricted)
rElec   .          Harm     .   (no cloak)
rCorr   .          Rampage  .   (gloves unavailable)
Will    .....                   (boots unavailable)
Stlth   ++........              (no amulet)
HPRegen 0.13/turn               l - ring of see invisible
MPRegen 0.12/turn               o - ring of wizardry

@: ice-armoured, freezing walls
A: large, unfitting armour, tough skin 1
a: Renounce Religion


You were on level 3 of the Dungeon.
You worshipped Fedhas.
Fedhas was aware of your devotion.
You visited 1 branch of the dungeon, and saw 3 of its levels.

You collected 86 gold pieces.

Inventory:

Hand Weapons
 b - a +0 dagger (weapon)
Missiles
 p - 2 poisoned darts
 q - 12 stones
Armour
 a - a +0 robe (worn)
 d - an orb of guile
Jewellery
 l - a ring of see invisible (left hand)
 o - a ring of wizardry (right hand)
Scrolls
 f - a scroll of immolation {unknown}
 g - a scroll of blinking {unknown}
 h - a scroll of enchant armour {unknown}
 i - a scroll of fear {unknown}
 j - a scroll of noise {unknown}
 k - a scroll of magic mapping {unknown}
Potions
 c - a potion of brilliance {unknown}
 e - 2 potions of mutation {unknown}
 m - a potion of curing {unknown}
 n - a potion of haste {unknown}


   Skills:
 - Level 2.0 Dodging
 - Level 2.0 Stealth
 - Level 4.0 Spellcasting
 + Level 4.2 Ice Magic


You had 4 spell levels left.
You knew the following spells:

 Your Spells              Type           Power      Damage    Failure   Level
a - Freeze                Ice            72%        1d9       1%          1
b - Ozocubu's Armour      Ice            18%        N/A       3%          3
c - Frozen Ramparts       Ice            36%        1d5       3%          3

Your spell library contained the following spells:

 Spells                   Type           Power      Damage    Failure   Level
 Gell's Gravitas          Tloc           3%         N/A       17%         3
 Lesser Beckoning         Tloc           3%         N/A       17%         3
 Teleport Other           Tloc           3%         N/A       17%         3
 Hailstorm                Conj/Ice       11%        3d5       24%         4


Dungeon Overview and Level Annotations

Branches:
Dungeon (3/15)

Altars:
Fedhas
Kikubaaqudgha

Shops:
D:1 =!

Annotations:
D:3 Sigmund


Innate Abilities, Weirdness & Mutations

You are too large for most types of armour.
You have tough skin. (AC +1)


Message History

The magic dart hits you.
A briar patch grows up from the ground.
You can no longer encircle yourself with summoned briar patches.
Sigmund hits you with a +2 vorpal scythe!
* * * LOW HITPOINT WARNING * * *
x2 You walk carefully through the plants.
Your icy armour will break if you move.
Continue? [Y]es or [N]o only, please.
Your icy armour will break if you move.
Continue? [Y]es or [N]o only, please.
Your icy armour will break if you move.
Continue?
Okay, then.
Casting: Ozocubu's Armour (dangerous; 3% risk of failure)
Confirm with . or Enter, or press ? or * to list all spells.
Casting: Frozen Ramparts (dangerous; 3% risk of failure)
Press: ? - help, Dir - look around, f - activate The walls around you are covered in ice.
Casting: Frozen Ramparts (dangerous; 3% risk of failure)
Confirm with . or Enter, or press ? or * to list all spells.
Aiming: Freeze (safe; 1% risk of failure)
Press: ? - help, Shift-Dir - straight line, f - Sigmund
Aim: Sigmund, wielding a +2 vorpal scythe and wearing a +0 robe (lightly wounded, ally target)
You freeze Sigmund!
Sigmund is moderately wounded.
The wall freezes Sigmund.
Sigmund points at you and mumbles some strange words.
The magic dart hits you but does no damage.
Casting: Freeze (safe; 1% risk of failure)
Confirm with . or Enter, or press ? or * to list all spells.
You don't have enough magic to cast this spell.
Unknown command.
You hit Sigmund.
Sigmund is heavily wounded.
The wall freezes Sigmund.
Sigmund hits you but does no damage.
You closely miss Sigmund.
Sigmund is severely wounded.
The wall freezes Sigmund.
Sigmund hits you with a +2 vorpal scythe!
You die...
Fedhas appreciates your contribution to the ecosystem.

####### #....<#############
+..................
#........!######### #####
#.........# # .....
#.........#########
.....#############...............
.....+.........P@@...............
......############.......#.......
.......# #.......#.##....
.......# #.......#.#.....
≈≈≈≈≈..# #.......#.......
....≈.## #######.####.... ###.≈.#
#.....'.... ....≈.# #...###....
_.#.≈.# #. #....


You could see Sigmund (ally target).

Vanquished Creatures
  2 adders (D:2)
  A worm (D:2)
  2 dart slugs
  8 ball pythons
  4 endoplasms
  3 giant cockroaches (D:1)
  7 goblins
  7 hobgoblins
  6 jackals (D:1)
  A quokka (D:1)
  3 bats
  8 kobolds
  6 rats
58 creatures vanquished.

Notes
Turn   | Place    | Note
-------+----------+-------------------------------------------
     0 | D:1      | NobodyHome the Ogre Ice Elementalist began the quest for
                  | the Orb.
     0 | D:1      | Reached XP level 1. HP: 16/16 MP: 3/3
   409 | D:1      | Reached XP level 2. HP: 24/24 MP: 3/5
   915 | D:1      | Reached XP level 3. HP: 28/31 MP: 3/7
  1303 | D:1      | Found Xiarip's Jewellery Shoppe.
  1423 | D:1      | Found Feigicin's Distillery.
  1428 | D:1      | Found a faded altar of an unknown god.
  1433 | D:1      | Prayed at the altar of an unknown god.
  1433 | D:1      | Became a worshipper of Fedhas Madash
  1433 | D:1      | Reached * piety under Fedhas
  1504 | D:1      | Learned a level 3 spell: Ozocubu's Armour
  1508 | D:1      | Learned a level 3 spell: Frozen Ramparts
  2329 | D:2      | Reached XP level 4. HP: 39/39 MP: 9/9
  2964 | D:3      | Reached ** piety under Fedhas
  3026 | D:3      | Noticed Sigmund
  3155 | D:3      | Found an ancient bone altar of Kikubaaqudgha.
  3223 | D:3      | Slain by Sigmund

Illustrated notes

Levels and vault maps discovered:
D:1:      dpeg_arrival_court, layout_loops_corners,
          ebering_ecumenical_altar_petrified, serial_shops,
          nicolae_shop_temple_entry_statues_fountains, shop,
          minmay_crystal_water
D:2:      layout_basic
D:3:      layout_basic, mainiacjoe_overflow_brackets,
          minmay_misc_feat_diagonals, minmay_snake_closets, uniq_sigmund,
          uniq_natasha

Skill      XL: |  1  2  3  4 |
---------------+-------------+-----
Dodging        | 2 |  2.0
Spellcasting   | 3 4 |  4.0
Stealth        | 2 |  2.0
Ice Magic      | 4 |  4.2

Action                   |  1- 3 |  4- 6 || total
-------------------------+-------+-------++-------
Melee: Dagger            |    74 |    27 ||   101
       Unarmed           |     5 |       ||     5
       Punch             |     2 |       ||     2
 Cast: Freeze            |    42 |    15 ||    57
       Ozocubu's Armour  |     2 |     2 ||     4
       Frozen Ramparts   |     2 |     2 ||     4
Invok: Wall of Briars    |       |     1 ||     1
 Stab: Sleeping          |     5 |     3 ||     8
Armor: Robe              |    28 |    14 ||    42
Dodge: Dodged            |    43 |    23 ||    66
